 Dungeon Crawl Stone Soup version 0.28.0 (webtiles) character file.

Game seed: 13727845804981418996

335 Kold the Chucker (level 6, -1/88 HPs)
             Began as an Ogre Hunter on Feb 10, 2022.
             Slain by an orc warrior (15 damage)
             ... on level 3 of the Dungeon.
             The game lasted 00:07:16 (3808 turns).

Kold the Chucker (Ogre Hunter)                      Turns: 3808, Time: 00:07:16

Health: -1/88      AC:  3    Str: 19    XL:     6   Next: 53%
Magic:  6/6        EV:  9    Int: 12    God:
Gold:   77         SH:  0    Dex:  9    Spells: 5/5 levels left

rFire   . . .      SeeInvis .   a - +0 short sword
rCold   . . .      Faith    .   (no shield)
rNeg    . . .      Spirit   .   b - +0 robe
rPois   .          Reflect  .   (helmet restricted)
rElec   .          Harm     .   (no cloak)
rCorr   .          Rampage  .   (gloves unavailable)
Will    .....                   (boots unavailable)
Stlth   ..........              (no amulet)
HPRegen 0.24/turn               (no ring)
MPRegen 0.10/turn               (no ring)

@: mighty, brilliant, berserking, flying, very quick
A: large, unfitting armour, tough skin 1
a: no special abilities


You were on level 3 of the Dungeon.
You visited 1 branch of the dungeon, and saw 3 of its levels.

You collected 77 gold pieces.

Inventory:

Hand Weapons
 a - a +0 short sword (weapon)
 r - a +0 flail
 t - a +0 dagger
Missiles
 s - 27 stones (quivered)
 u - 6 poisoned darts
Armour
 b - a +0 robe (worn)
Scrolls
 e - 2 scrolls of magic mapping
 i - a scroll of identify
Potions
 h - a potion of heal wounds


   Skills:
 - Level 2.6 Fighting
 + Level 7.6 Throwing
 - Level 1.7 Dodging
 - Level 0.6 Stealth


You had 5 spell levels left.
You didn't know any spells.
Your spell library contained the following spells:

 Spells                   Type           Power      Damage    Failure   Level
 Magic Dart               Conj           0%         1d3       32%         1
 Call Imp                 Summ           0%         N/A       45%         2
 Mephitic Cloud           Conj/Pois/Air  0%         N/A       69%         3


Dungeon Overview and Level Annotations

Branches:
Dungeon (3/15)

Altars:
Fedhas


Innate Abilities, Weirdness & Mutations

You are too large for most types of armour.
You have tough skin. (AC +1)


Message History

Your attack snaps the orc warrior out of its fear.
The orc warrior is severely wounded.
You feel sick.
You are no longer poisoned.
Throw: 29 stones
Press: ? - help, Q - select action, (/) - cycle Shift-Dir - straight line, f/p - orc warrior
Aim: an orc warrior, wielding a +0 scimitar, wearing a +0 chain mail and quivering poisoned darts (black smoke, severely wounded, inner flame, fleeing, 55% to hit)
You throw a stone.
The stone barely misses the orc warrior.
The orc warrior throws a poisoned dart.
The poisoned dart closely misses you.
Throw: 28 stones
Press: ? - help, Q - select action, (/) - cycle Shift-Dir - straight line, f/p - orc warrior
Aim: an orc warrior, wielding a +0 scimitar, wearing a +0 chain mail and quivering poisoned darts (severely wounded, 55% to hit)
You throw a stone.
The stone barely misses the orc warrior.
You aren't carrying any items that you can evoke.
It was a potion of brilliance.
You feel clever all of a sudden.
The orc warrior throws a poisoned dart.
The poisoned dart completely misses you.
It was a potion of curing.
You feel better.
It was a potion of flight.
You feel very buoyant.
You fly up into the air.
It was a potion of magic.
Magic courses through your body.
It was a potion of might.
You feel very mighty all of a sudden.
It was a potion of berserk rage.
A red film seems to cover your vision as you go berserk!
You feel yourself moving faster!
You feel mighty!
The orc seems to regain its courage.
You are too berserk!
You are too berserk!
You feel a strong urge to attack something.
The orc warrior hits you with a +0 scimitar!
* * * LOW HITPOINT WARNING * * *
You hit the orc warrior.
The orc warrior is severely wounded.
The orc warrior hits you with a +0 scimitar!
You die...

#....# # ############....#
# #...............#
#...........#####
#...........#
#........._.# ####
#...........# #...
#######...........# #.##
#.......@o...(...§# #.#
#..♣♣♣♣....o..(.§§####)#
#.♣♣**♣.....o....§.[o..#
#.♣***♣.......(..§#######
##.♣*,*♣.........§§'......
#..♣***♣.........§.#######
#..♣♣♣♣♣..##########
#....♣♣...# #........##


You could see an orc warrior and 2 orcs.

Vanquished Creatures
  Sigmund (D:2)
  Jessica (D:2)
  Terence (D:2)
  2 orc wizards (D:3)
  An adder (D:3)
  3 worms
  2 dart slugs
  3 orcs (D:3)
  6 ball pythons
  4 bats
  5 endoplasms
  4 goblins
  5 hobgoblins
  4 jackals (D:2)
  2 quokkas
  2 frilled lizards
  2 kobolds
  7 rats
55 creatures vanquished.

Vanquished Creatures (others)
  An orc (D:3)
1 creature vanquished.

Grand Total: 56 creatures vanquished

Notes
Turn   | Place    | Note
-------+----------+-------------------------------------------
     0 | D:1      | Kold the Ogre Hunter began the quest for the Orb.
     0 | D:1      | Reached XP level 1. HP: 22/22 MP: 1/1
   144 | D:1      | Reached XP level 2. HP: 29/29 MP: 2/2
   574 | D:1      | Found a faded altar of an unknown god.
   845 | D:2      | Reached XP level 3. HP: 22/36 MP: 3/3
  1195 | D:2      | Reached skill level 5 in Throwing
  1231 | D:2      | Noticed Sigmund
  1471 | D:2      | Noticed Jessica
  1482 | D:2      | Killed Jessica
  1601 | D:2      | Reached XP level 4. HP: 34/44 MP: 4/4
  1800 | D:2      | Killed Sigmund
  1801 | D:2      | Reached skill level 7 in Throwing
  1801 | D:2      | Reached XP level 5. HP: 19/50 MP: 5/5
  2112 | D:2      | Reached XP level 6. HP: 59/59 MP: 6/6
  2154 | D:2      | Noticed Terence
  2164 | D:2      | Killed Terence
  2424 | D:3      | Found a blossoming altar of Fedhas.
  3501 | D:3      | Noticed an orc warrior
  3808 | D:3      | Slain by an orc warrior

Illustrated notes

Levels and vault maps discovered:
D:1:      kennysheep_arrival_seaside, layout_loops_ring,
          shapermc_ecumenical_altar_pompeii, minmay_misc_feat_room,
          hangedman_decor_points
D:2:      layout_rooms, uniq_terence, uniq_jessica, uniq_sigmund
D:3:      layout_basic, nzn_wu_jian_contemplation, overflow_temple_1_default,
          hex_tiny, nrook_campfire

Skill      XL: |  1  2  3  4 |
---------------+-------------+-----
Throwing       | 5 7 |  7.6
Fighting       | |  2.6
Dodging        | |  1.7
Stealth        | |  0.6

Action                   |  1- 3 |  4- 6 || total
-------------------------+-------+-------++-------
Melee: Short sword       |    54 |   105 ||   159
       Punch             |     2 |     2 ||     4
Throw: Large rock        |    32 |    26 ||    58
       Throwing net      |     2 |       ||     2
       Dart              |     1 |     7 ||     8
       Stone             |       |    18 ||    18
  Use: Scroll            |       |     7 ||     7
       Potion            |       |     7 ||     7
 Stab: Held in net/web   |     3 |       ||     3
       Sleeping          |     1 |       ||     1
       Invisible         |       |     1 ||     1
Armor: Robe              |    27 |    27 ||    54
Dodge: Dodged            |    29 |    48 ||    77
